 Dungeon Crawl Stone Soup version 0.19-a0-1019-g9c6a58d (webtiles) character file.

700 epen the Spear-Bearer (level 7, -8/56 HPs)
             Began as a Merfolk Chaos Knight on July 25, 2016.
             Mangled by Shenda's ghost (12 damage)
             ... on level 5 of the Dungeon.
             The game lasted 00:09:18 (4135 turns).

epen the Spear-Bearer (Merfolk Chaos Knight)        Turns: 4135, Time: 00:09:19

Health: -8/56      AC: 10    Str: 14    XL:     7   Next: 65%
Magic:  8/8        EV: 15    Int: 11    God:    Xom [*.....]
Gold:   201        SH:  0    Dex: 14    Spells: 0 memorised, 6 levels left

rFire  + . .     SeeInvis .     a - +0 spear (chaos)
rCold  + . .     Gourm    .     e - +0 robe {rC+ rF+}
rNeg   . . .     Faith    .     (no shield)
rPois  .         Spirit   .     k - +1 hat
rElec  .         Dismiss  .     (no cloak)
rCorr  .         Reflect  .     z - +2 pair of gloves
SustAt .         Harm     .     (no boots)
MR     +....                    (no amulet)
Stlth  +.........               (no ring)
                                o - ring of protection from magic

@: confused, cleaving, somewhat resistant to hostile enchantments, very
unstealthy
A: change form in water, swift swim, claws 1, iridescent scales 1
a: Renounce Religion


You were on level 5 of the Dungeon.
You worshipped Xom.
You were a special plaything of Xom.
You were not hungry.

You visited 1 branch of the dungeon, and saw 5 of its levels.
You also visited: Sewer.

You collected 201 gold pieces.

Inventory:

Hand Weapons
 a - a +0 spear of chaos (weapon)
Armour
 b - a +2 leather armour
 e - a +0 robe of resistance (worn)
 k - a +1 hat (worn)
 z - a +2 pair of gloves (worn)
Jewellery
 o - a ring of protection from magic (left hand)
Wands
 C - a wand of digging (21/24)
Scrolls
 f - a scroll of enchant armour
 g - a scroll of remove curse
 j - a scroll of noise
 l - 8 scrolls of identify {unknown}
 m - 2 scrolls of recharging
 p - 2 scrolls of amnesia
 r - a scroll of blinking {unknown}
 s - a scroll of fear {unknown}
 u - 4 scrolls of teleportation {unknown}
 v - a scroll of immolation {unknown}
 y - a scroll of magic mapping {unknown}
Potions
 d - a potion of resistance {unknown}
 i - a potion of heal wounds {unknown}
 n - a potion of lignification {unknown}
 q - 2 potions of curing {unknown}
 t - a potion of cure mutation {unknown}
 w - a potion of invisibility {unknown}
 x - a potion of might {unknown}
 A - 2 potions of haste {unknown}
 D - a potion of degeneration {unknown}
Miscellaneous
 E - a fan of gales
Comestibles
 c - 2 bread rations
 h - 2 beef jerkies
 B - 2 chunks of flesh


   Skills:
 + Level 5.0 Fighting
 * Level 8.0 Polearms
 * Level 3.1 Armour
 + Level 4.9 Dodging
 + Level 1.6 Evocations


You had 6 spell levels left.
You didn't know any spells.

Dungeon Overview and Level Annotations

Branches:
Dungeon (5/15)             Temple (0/1) D:5

Altars:
Makhleb

Annotations:
D:5 Shenda's ghost, novice FoFi


Innate Abilities, Weirdness & Mutations

You revert to your normal form in water.
You are very nimble and swift while swimming.
You have sharp fingernails.
You are partially covered in iridescent scales. (AC +4)


Message History

* * * LOW HITPOINT WARNING * * *
x2 "Go forth and destroy!"
Your +0 spear of chaos looks sharp.
Shenda's ghost stops glowing.
Your ufetubus barely misses Shenda's ghost.
Your ufetubus hits Shenda's ghost but does no damage.
You see here a jackal corpse. "Hum-dee-hum-dee-hum..."
Your ufetubus evaporates and reforms as a crimson imp!
You are now a beloved toy of Xom.
You are now a special plaything of Xom.
Shenda's ghost says very slowly, "There's no hope."
Your crimson imp blinks!
Your crimson imp blinks!
You see here a runed dagger.
Xom's power touches on your mind for a moment.
You are confused.
You bump into the rock wall.
Shenda's ghost hits you!
You die...
Xom cackles wildly!

##.####..†....#..#....#
# #.#
#.......#..#.#..#######
##.#
#.......#..#.#..#......
#..#
#................>.....
#.##
#.......####.####......
#.#####.......# #.#
##.#### #.##..........#
#.# ##.###
#.##.####.##### #.#
##.## #.##.##...5.@.#
#.# #...
#.<.....#.###W# #.#
#.##
####.##.#.###5####.#
#.## #.§....5.......[#
#.## ####.##.##.######
#... #.##.##.# .....#
#.......# ##....
#.#####.# #.#.#
#.#####.# #.#.#


You could see Shenda's ghost, a crimson imp and a friendly crimson imp.

Vanquished Creatures
  A centaur (D:5)
  2 orc wizards
  2 hounds (D:4)
  An orc priest (D:5)
  6 worker ants
  A worker ant zombie (D:3)
  12 adders
  A howler monkey skeleton (D:4)
  An ooze (D:1)
  An adder skeleton (D:4)
  2 dart slugs (D:1)
  A giant gecko (D:1)
  7 orcs
  3 bats
  5 giant cockroaches
  4 goblins
  2 hobgoblins (D:2)
  15 jackals
  14 kobolds
  2 quokkas (D:2)
  5 ball pythons
  A giant gecko skeleton (D:5)
  8 giant newts
  A jackal skeleton (D:4)
  7 rats
  A plant (Sewer)
106 creatures vanquished.

Vanquished Creatures (collateral kills)
  An adder (D:5)
  An orc (D:3)
  3 jackals (D:5)
  A quokka (D:3)
6 creatures vanquished.

Vanquished Creatures (others)
  A phantom (D:4)
  A hound (D:4)
  2 jackals (D:4)
4 creatures vanquished.

Grand Total: 116 creatures vanquished

Notes
Turn   | Place    | Note
-------+----------+-------------------------------------------
     0 | D:1      | epen the Merfolk Chaos Knight began the quest for the Orb.
     0 | D:1      | Reached XP level 1. HP: 18/18 MP: 1/1
    72 | D:1      | Reached skill level 1 in Armour
    72 | D:1      | Reached XP level 2. HP: 24/24 MP: 2/2
   196 | D:1      | XOM: harmless Tmut miscast
   439 | D:1      | Reached skill level 5 in Polearms
   452 | D:1      | Reached XP level 3. HP: 29/29 MP: 3/3
   652 | D:1      | XOM: noise
  1288 | D:3      | Reached XP level 4. HP: 25/35 MP: 4/4
  1329 | D:3      | Found a burning altar of Makhleb.
  1427 | D:3      | XOM: give mutation
  1427 | D:3      | Gained mutation: You are partially covered in iridescent scales. (AC +4) [Xom's grace]
  1459 | D:3      | Reached skill level 6 in Polearms
  1460 | D:3      | Reached XP level 5. HP: 21/42 MP: 5/5
  1591 | D:3      | Found a glowing drain.
  1613 | Sewer    | Entered a sewer
  1987 | Sewer    | XOM: chaos cloud
  2391 | D:3      | XOM: cloud trail
  2573 | D:3      | Reached XP level 6. HP: 12/48 MP: 6/6
  2932 | D:4      | Noticed a phantom
  2960 | D:4      | Reached skill level 7 in Polearms
  2960 | D:4      | XOM: destruction
  2973 | D:4      | Banished a phantom
  3085 | D:4      | XOM: god gift: fan of gales
  3098 | D:4      | XOM: give mutation
  3098 | D:4      | Gained mutation: You have sharp fingernails. [Xom's grace]
  3322 | D:4      | Reached XP level 7. HP: 51/55 MP: 7/7
  3406 | D:5      | Entered Level 5 of the Dungeon
  3511 | D:5      | Noticed Shenda's ghost (novice FoFi)
  3527 | D:5      | XOM: enchant monster (good)
  3558 | D:5      | XOM: enchant monster (good)
  3597 | D:5      | XOM: confuse monster(s)
  3673 | D:5      | Reached skill level 1 in Evocations
  3928 | D:5      | Found a staircase to the Ecumenical Temple.
  3947 | D:5      | Reached skill level 5 in Fighting
  4082 | D:5      | Reached skill level 8 in Polearms
  4098 | D:5      | XOM: summons friendly ufetubus
  4108 | D:5      | XOM: fake destruction
  4115 | D:5      | HP: 2/56 [Shenda's ghost (14)]
  4116 | D:5      | XOM: cleaving
  4119 | D:5      | XOM: polymorph ufetubus -> crimson imp
  4134 | D:5      | XOM: confusion
  4135 | D:5      | Mangled by Shenda's ghost

Vault maps used:
D:1:      lemuel_arrival_broad_hall, fountainhead
D:2:      first_bread
D:3:      lemuel_coloured_pillars_altar, portal_sewer_entry_a
Sewer:    sewer_co_scattered_pipes

Skill      XL: |  1  2  3  4  5  6  7 |
---------------+----------------------+-----
Armour         | 1 2 3 |  3.1
Dodging        | 3 4 |  4.9
Polearms       | 5 6 7 8 |  8.0
Fighting       | 4 5 |  5.0
Evocations     | 1 |  1.6

Action                   |  1- 3 |  4- 6 |  7- 9 || total
-------------------------+-------+-------+-------++-------
Melee: Spear             |   108 |   336 |   133 ||   577
       Tailslap          |       |    15 |       ||    15
Evoke: Wand              |       |       |     1 ||     1
  Use: Scroll            |       |       |     5 ||     5
 Stab: Sleeping          |     1 |       |       ||     1
       Confused          |       |     5 |       ||     5
       Paralysed         |       |     2 |       ||     2
  Eat: Chunk             |     1 |     2 |     3 ||     6
       Bread ration      |       |     1 |       ||     1
Armor: Leather armour    |    21 |       |       ||    21
       Robe              |     9 |    65 |    33 ||   107
Dodge: Dodged            |    68 |   137 |    60 ||   265
